 Dungeon Crawl Stone Soup version 0.22-a0-284-g99d1f74 (webtiles) character file.

114 Barriton the Poker (level 4, -11/40 HPs)
             Began as a Draconian Monk on Mar 20, 2018.
             Engulfed by a cloud of flame (27 damage)
             ... on level 2 of the Dungeon.
             The game lasted 00:04:43 (1829 turns).

Barriton the Poker (Draconian Monk)                 Turns: 1829, Time: 00:04:44

Health: -11/40     AC:  5    Str: 14    XL:     4   Next: 66%
Magic:  4/4        EV: 10    Int: 10    God:
Gold:   110        SH:  0    Dex: 14    Spells: 3/3 levels left

rFire    . . .     SeeInvis .   g - +0 spear (curse)
rCold    . . .     Gourm    .   (no shield)
rNeg     . . .     Faith    .   (armour unavailable)
rPois    .         Spirit   .   (helmet restricted)
rElec    .         Reflect  .   (no cloak)
rCorr    .         Harm     .   (no gloves)
MR       .....                  (no boots)
Stlth    +++.......             (no amulet)
HPRegen  0.13/turn              e - ring of stealth
MPRegen  0.09/turn              j - -3 ring of evasion (curse)

@: no status effects
A: unfitting armour, cold-blooded, AC +5
a: no special abilities


You were on level 2 of the Dungeon.
You were not hungry.

You visited 1 branch of the dungeon, and saw 2 of its levels.

You collected 110 gold pieces.

Inventory:

Hand Weapons
 a - a +1 spear
 g - a cursed +0 spear (weapon)
Missiles
 l - 6 javelins (quivered)
Jewellery
 e - a ring of stealth (left hand)
 j - a cursed -3 ring of evasion (right hand)
Scrolls
 d - 2 scrolls of identify
Potions
 c - 2 potions of degeneration {unknown}
 f - a potion of lignification {unknown}
 i - 4 potions of curing
 k - a potion of flight {unknown}
Comestibles
 b - 5 rations


   Skills:
 + Level 3.7 Fighting
 + Level 4.2 Polearms
 + Level 3.1 Dodging
 + Level 2.9 Stealth


You had 3 spell levels left.
You didn't know any spells.

Dungeon Overview and Level Annotations

Branches:
Dungeon (2/15)

Altars:
Vehumet


Innate Abilities, Weirdness & Mutations

Your plain brown scales are hard. (AC +5)
You cannot fit into any form of body armour.
You are cold-blooded and may be slowed by cold attacks.


Message History

Really walk into a travel-excluded area? [Y]es or [N]o only, please.
Really walk into a travel-excluded area? [Y]es or [N]o only, please.
Really walk into a travel-excluded area? [Y]es or [N]o only, please.
Really walk into a travel-excluded area? [Y]es or [N]o only, please.
Really walk into a travel-excluded area? [Y]es or [N]o only, please.
Really walk into a travel-excluded area?
Uppercase [Y]es or [N]o only, please.
Really walk into a travel-excluded area?
Really walk into that cloud of flame?
Okay, then.
You are engulfed in blazing flames.
Ouch! That really hurt!
You are engulfed in blazing flames.
Ouch! That really hurt!
You die...

#.# #.............
#.# ##.###########
#.# ##.########## #.#
#...........#
###.###...........#
#.................#
#..........)......#
##.§.§.............##
#..§@§.........)...##
#..§§§.#...........##
#....).............##
#..####.#############
##.# #.......# #
#.##########.# #
#........# #.# #
########.# #.# #
#######'###.#######


There were no monsters in sight!

Vanquished Creatures
  Natasha (twice) (D:2)
  2 adders (D:2)
  2 dart slugs
  A ball python (D:2)
  7 bats
  2 giant cockroaches (D:1)
  7 goblins
  6 hobgoblins
  4 jackals (D:1)
  5 frilled lizards
  2 kobolds (D:1)
  2 rats
42 creatures vanquished.

Vanquished Creatures (others)
  Natasha (D:2)
  A dart slug (D:2)
  A goblin (D:2)
3 creatures vanquished.

Grand Total: 45 creatures vanquished

Notes
Turn   | Place    | Note
-------+----------+-------------------------------------------
     0 | D:1      | Barriton the Draconian Monk began the quest for the Orb.
     0 | D:1      | Reached XP level 1. HP: 19/19 MP: 1/1
   126 | D:1      | Reached XP level 2. HP: 23/26 MP: 2/2
   582 | D:2      | Reached XP level 3. HP: 31/31 MP: 3/3
   587 | D:2      | Noticed Natasha
   597 | D:2      | Killed Natasha
   896 | D:2      | Reached skill level 4 in Polearms
   923 | D:2      | Reached XP level 4. HP: 40/40 MP: 4/4
   985 | D:2      | Found a radiant altar of Vehumet.
  1031 | D:2      | Noticed Natasha
  1048 | D:2      | Killed Natasha
  1173 | D:2      | Killed Natasha
  1829 | D:2      | Engulfed by a cloud of flame

Vault maps used:
D:1:      dpeg_arrival_stonehenge_12_columns
D:2:      fiery_altar_vehumet, uniq_natasha

Skill      XL: |  1  2  3 |
---------------+----------+-----
Stealth        | 2 |  2.9
Dodging        | 3 |  3.1
Polearms       | 4 |  4.2
Fighting       | |  3.7

Action                   |  1- 3 |  4- 6 || total
-------------------------+-------+-------++-------
Melee: Spear             |    80 |    49 ||   129
       Tailslap          |     7 |     2 ||     9
  Use: Scroll            |     5 |     1 ||     6
 Stab: Sleeping          |     8 |     6 ||    14
  Eat: Chunk             |       |     3 ||     3
Armor: Skin              |    11 |    10 ||    21
Dodge: Dodged            |    22 |    20 ||    42

Table legend:
 A = Spawn XP
 B = Non-spawn XP
 C = Spawn XP percentage of total XP
 D = Spawn monster count
 E = Non-spawn monster count
 F = Spawn count percentage of total count
 G = Total turns spent on level
                    A         B        C        D         E        F      G
               +---------+---------+-------+---------+---------+-------+---------
         Total |       0 |     163 |   0.0 |       0 |      42 |   0.0 |  1829
               +---------+---------+-------+---------+---------+-------+---------
           D:1 |       0 |      39 |   0.0 |       0 |      21 |   0.0 |   533
           D:2 |       0 |     124 |   0.0 |       0 |      21 |   0.0 |  1296
               +---------+---------+-------+---------+---------+-------+---------
